 Dungeon Crawl Stone Soup version 0.17.0-27-g4a3f43e (console) character file.

938 Garrluk the Destroyer (level 7, -2/50 HPs)
             Began as a Black Draconian Conjurer on Nov 21, 2015.
             Slain by DeXoteric's ghost (9 damage)
             ... on level 6 of the Dungeon.
             The game lasted 00:09:24 (2501 turns).

Garrluk the Destroyer (Black Draconian Conjurer)    Turns: 2501, Time: 00:09:25

Health: -2/50      AC:  6    Str: 10 (12) XL:     7   Next: 87%
Magic:  5/14       EV: 12    Int: 18      God:
Gold:   160        SH:  0    Dex: 11      Spells: 3 memorised, 8 levels left

rFire  + . .     SeeInvis .     s - +1 falchion {holy, +Blink rElec}
rCold  + . .     Clarity  +     (armour unavailable)
rNeg   . . .     SustAt   .     (no shield)
rPois  .         Gourm    .     (helmet restricted)
rElec  +         Spirit   .     (no cloak)
rCorr  .         Warding  .     (no gloves)
rMut   .         Stasis   .     (no boots)
MR     .....                    (no amulet)
Stlth  +.........               (no ring)
                                (no ring)

@: short of breath, slowed, drained, very slow, not resistant to hostile
enchantments, very unstealthy
A: breathe lightning, unfitting armour, talons 1, clarity, cold resistance 1,
deterioration 1, fire resistance 1, sense surroundings 1, electricity
resistance, strong 1, cold-blooded, AC +6
a: Breathe Lightning, Evoke Blink


You were on level 6 of the Dungeon.
You were not hungry.

You visited 1 branch of the dungeon, and saw 6 of its levels.

You collected 160 gold pieces.

Notes
Turn   | Place    | Note
--------------------------------------------------------------
     0 | D:1      | Garrluk the Draconian Conjurer began the quest for the Orb.
     0 | D:1      | Reached XP level 1. HP: 14/14 MP: 3/3
   145 | D:1      | Reached XP level 2. HP: 20/20 MP: 3/5
   761 | D:2      | Reached XP level 3. HP: 26/26 MP: 2/6
   825 | D:2      | Learned a level 2 spell: Searing Ray
  1023 | D:3      | Found a faded altar to an unknown god.
  1123 | D:3      | Reached skill level 5 in Conjurations
  1200 | D:3      | Noticed Robin
  1227 | D:4      | Noticed an ogre
  1233 | D:4      | Killed an ogre
  1233 | D:4      | Reached XP level 4. HP: 21/33 MP: 1/8
  1258 | D:4      | Gained mutation: You passively map a small area around you. [potion of mutation]
  1258 | D:4      | Gained mutation: Your flesh is cold resistant. [potion of mutation]
  1258 | D:4      | Gained mutation: Your body sometimes deteriorates upon taking damage. [potion of mutation]
  1259 | D:4      | HP: 1/33 [poisoned by a worker ant]
  1265 | D:4      | Reached XP level 5. HP: 3/38 MP: 1/10
  1324 | D:4      | Gained mutation: Your flesh is heat resistant. [potion of mutation]
  1324 | D:4      | Gained mutation: You possess an exceptional clarity of mind. [potion of mutation]
  1325 | D:4      | Gained mutation: Your muscles are strong. (Str +2) [potion of mutation]
  1325 | D:4      | Gained mutation: You have sharp toenails. [potion of mutation]
  1408 | D:4      | Reached skill level 6 in Conjurations
  1598 | D:4      | Noticed an ogre
  1661 | D:4      | Killed an ogre
  1661 | D:4      | Reached XP level 6. HP: 35/45 MP: 2/11
  1781 | D:4      | Noticed a scorpion
  1786 | D:4      | Killed a scorpion
  1796 | D:4      | Noticed a scorpion
  1806 | D:4      | Killed a scorpion
  1806 | D:4      | Reached skill level 7 in Conjurations
  1896 | D:4      | Noticed a scorpion
  1901 | D:4      | Killed a scorpion
  1924 | D:5      | Entered Level 5 of the Dungeon
  1930 | D:5      | Noticed Rationalist's ghost (novice FoFi)
  1976 | D:5      | Your scales start taking on a glossy black colour.
  1976 | D:5      | Gained mutation: You are resistant to electric shocks. [Black Draconian growth]
  1976 | D:5      | Reached XP level 7. HP: 48/50 MP: 6/13
  2007 | D:5      | Noticed Grinder
  2018 | D:5      | Paralysed by Grinder for 3 turns
  2024 | D:5      | Paralysed by Grinder for 2 turns
  2028 | D:5      | Killed Grinder
  2028 | D:5      | Reached skill level 8 in Conjurations
  2291 | D:5      | Got a warped falchion
  2292 | D:5      | Identified the +1 falchion of Dodor {holy, +Blink rElec} (You found it on level 5 of the Dungeon)
  2315 | D:5      | Reached skill level 5 in Spellcasting
  2348 | D:5      | Noticed Edmund
  2460 | D:6      | Noticed DeXoteric's ghost (novice DsCK)
  2470 | D:6      | Learned a level 5 spell: Iskenderun's Battlesphere
  2501 | D:6      | Slain by DeXoteric's ghost

Inventory:

Hand Weapons
 s - the +1 falchion of Dodor (weapon) {holy, +Blink rElec}
   (You found it on level 5 of the Dungeon)

   It has been blessed by the Shining One to cause great damage to the undead
   and demons.
   It insulates you from electricity.
   It lets you blink.
Jewellery
 l - an uncursed ring of teleportation
   (You found it on level 1 of the Dungeon)
Scrolls
 c - 6 scrolls of identify {unknown}
 g - a scroll of recharging {unknown}
 i - a scroll of blinking {unknown}
 j - 2 scrolls of teleportation
 k - a scroll of enchant weapon
 p - 2 scrolls of random uselessness {unknown}
Potions
 e - a potion of agility
 h - a potion of brilliance {unknown}
 n - a potion of heal wounds {unknown}
 q - a potion of degeneration {unknown}
Books
 a - a book of Conjurations

   Spells                             Type                      Level
   a - Magic Dart                     Conjuration                  1
   b - Searing Ray                    Conjuration                  2
   c - Dazzling Spray                 Conjuration/Hexes            3
   d - Fulminant Prism                Conjuration/Hexes            4
   e - Iskenderun's Mystic Blast      Conjuration                  4
   f - Iskenderun's Battlesphere      Conjuration/Charms           5
Comestibles
 b - 3 bread rations
 d - a meat ration
 m - a beef jerky
 r - 2 fruits

Table legend:
 A = Turns spent in this place as a percentage of turns spent in the entire game.
 B = Non-inter-level travel turns spent in this place as a percentage of non-inter-level travel turns spent in the entire game.
 C = Inter-level travel turns spent in this place as a percentage of turns spent in this place.
 D = Turns resting spent in this place as a percentage of non-inter-level travel turns spent in this place.
 E = Turns spent auto-exploring this place as a percentage of non-inter-level travel turns spent in this place.
 F = Non-inter-level travel turns spent in this place divided by the number of levels of this place that you've seen.
                   A       B       C       D       E      F
               +-------+-------+-------+-------+-------+----------------------
         Total | 100.0 | 100.0 |   0.8 |   2.4 |  11.9 | 147.7
       Dungeon | 100.0 | 100.0 |   0.8 |   2.4 |  11.9 | 147.7
               +-------+-------+-------+-------+-------+----------------------


   Skills:
 - Level 1.7(1.4) Dodging
 - Level 1.7(1.4) Stealth
 + Level 5.1(4.7) Spellcasting
 * Level 8.4(7.9) Conjurations
 + Level 0.5(0.1) Charms


You had 8 spell levels left.
You knew the following spells:

 Your Spells              Type           Power        Failure   Level  Hunger
a - Magic Dart            Conj           ####         1%          1    None
b - Searing Ray           Conj           ####..       1%          2    #......
c - Iskenderun's Battles  Conj/Chrm      ###.....     78%         5    ######.


Dungeon Overview and Level Annotations

Branches:
Dungeon (6/15)
 Temple: D:4-7

Altars:

Annotations:
D:3 Robin
D:5 Edmund; Rationalist's ghost, novice FoFi
D:6 DeXoteric's ghost, novice DsCK


Innate Abilities, Weirdness & Mutations

You can breathe wild blasts of lightning.
Your glossy black scales are hard (AC +6).
Your body does not fit into most forms of armour.
You are resistant to electric shocks.
You are cold-blooded and may be slowed by cold attacks.
You have sharp toenails.
You possess an exceptional clarity of mind.
Your flesh is cold resistant.
Your body sometimes deteriorates upon taking damage.
Your flesh is heat resistant.
You passively map a small area around you.
Your muscles are strong. (Str +2)


Message History

Press: ? - help, Shift-Dir - straight line, f/p - DeXoteric's ghost
Aim: DeXoteric's ghost, wielding a weapon of chaos (severely damaged)
The searing ray hits DeXoteric's ghost.
DeXoteric's ghost is severely damaged.
DeXoteric's ghost hits you!
Your body deteriorates!
You feel weakened.
You feel yourself slow down.
The searing ray hits DeXoteric's ghost.
DeXoteric's ghost is severely damaged.
DeXoteric's ghost hits you but does no damage.
DeXoteric's ghost hits you!
* * * LOW HITPOINT WARNING * * *
You feel drained.
* * * LOW HITPOINT WARNING * * *
The searing ray misses DeXoteric's ghost.
DeXoteric's ghost hits you but does no damage.
The searing ray hits DeXoteric's ghost.
DeXoteric's ghost is severely damaged.
DeXoteric's ghost hits you!
You die...

** * , , ** #* * *
. , , ,, , ,*
.##### .....# * , ,
..##.#(##### **
..##.#.....#######,
..##.#####.##....#,
..#.......(...##.#
,
..#.#.####.#####@#
..#.#.##...#..†W.#
*
..#.#.##.###.#####
* .<#.#.##'# #'# ,
..#.#..... ... ,**
* ..#.#..........
** .##,#...........
* * .,
#.......?.... , #*
*......F....... , ,
#......$........ ,
, ,


You could see DeXoteric's ghost.

Table legend:
 A = Kills in this place as a percentage of kills in entire the game.
 B = Kills by you in this place as a percentage of kills by you in the entire game.
 C = Kills by friends in this place as a percentage of kills by friends in the entire game.
 D = Other kills in this place as a percentage of other kills in the entire game.
 E = Experience gained in this place as a percentage of experience gained in the entire game.
 F = Experience gained in this place divided by the number of levels of this place that you have seen.
                   A       B       C       D       E      F
               +-------+-------+-------+-------+-------+----------------------
         Total | 100.0 | 100.0 |  -nan |  -nan | 100.0 | 223.5
       Dungeon | 100.0 | 100.0 |  -nan |  -nan | 100.0 | 223.5
               +-------+-------+-------+-------+-------+----------------------

Vanquished Creatures
  Monster Symbol All '5' Grinder (D:5)
1 creature vanquished. All 'F' A giant frog (D:6)
1 creature vanquished. All 'J' An ooze (D:1)
1 creature vanquished. All 'K' 3 kobolds
3 creatures vanquished. All 'O' 2 ogres (D:4)
2 creatures vanquished. All 'S' 3 adders A ball python (D:2)
4 creatures vanquished. All 'Y' An ice beast (D:5)
1 creature vanquished. All 'Z' An adder zombie (D:1) A giant cockroach zombie (D:1)
2 creatures vanquished. All 'a' 5 worker ants
5 creatures vanquished. All 'b' 4 bats
4 creatures vanquished. All 'g' 3 goblins 4 hobgoblins
7 creatures vanquished. All 'h' 3 hounds
3 creatures vanquished. All 'l' 3 giant geckos 3 giant newts
6 creatures vanquished. All 'o' An orc (D:4)
1 creature vanquished. All 'r' A quokka (D:2) 6 rats
7 creatures vanquished. All 's' 3 scorpions (D:4) 3 giant cockroaches
6 creatures vanquished.
54 creatures vanquished. Monster Nature Uniques Grinder (D:5)
1 creature vanquished. Natural Monsters An ice beast (D:5) 2 ogres (D:4) A giant frog (D:6) 3 scorpions (D:4) 3 hounds 5 worker ants 3 adders An ooze (D:1) 3 giant geckos An orc (D:4) A ball python (D:2) 4 bats 3 giant cockroaches 3 goblins 4 hobgoblins 3 kobolds A quokka (D:2) 3 giant newts 6 rats
51 creatures vanquished. Undead Monsters An adder zombie (D:1) A giant cockroach zombie (D:1)
2 creatures vanquished.
54 creatures vanquished. Ascending Order Grinder (D:5) An ice beast (D:5) A giant frog (D:6) An ooze (D:1) An adder zombie (D:1) An orc (D:4) A quokka (D:2) A ball python (D:2) A giant cockroach zombie (D:1) 2 ogres (D:4) 3 scorpions (D:4) 3 hounds 3 adders 3 giant geckos 3 giant cockroaches 3 goblins 3 kobolds 3 giant newts 4 bats 4 hobgoblins 5 worker ants 6 rats
54 creatures vanquished.

Action                   |  1- 3 |  4- 6 |  7- 9 || total
-------------------------+-------+-------+-------++-------
Melee: Unarmed           |     3 |       |       ||     3
       Mace              |    35 |    10 |     7 ||    52
       Falchion          |       |       |     2 ||     2
 Cast: Magic Dart        |    64 |    35 |     8 ||   107
       Searing Ray       |     1 |     9 |     9 ||    19
 Abil: Breathe Lightning |       |       |     3 ||     3
       Evoke Blink       |       |       |     2 ||     2
  Use: Potion            |       |     7 |       ||     7
       Scroll            |       |     6 |       ||     6
  Eat: Chunk             |     2 |     2 |     3 ||     7
